 Dungeon Crawl Stone Soup version 0.30-a0-170-g85af917532 (webtiles) character file.

Game seed: 1737248192405608336

1474 qw the Cleaver (level 8, -2/52 HPs)
             Began as a Gargoyle Fighter on Sept 30, 2022.
             Slain by a water moccasin (4 damage)
             ... on level 6 of the Dungeon.
             The game lasted 00:01:53 (5503 turns).

qw the Cleaver (Gargoyle Fighter)                   Turns: 5503, Time: 00:01:54

Health: -2/52      AC: 14    Str: 22    XL:     8   Next: 78%
Magic:  8/8        EV:  7    Int:  9    God:
Gold:   131        SH:  4    Dex:  9    Spells: 7/7 levels left

rFire   . . .      SeeInvis .    Y - +1 war axe
rCold   . . .      Faith    .    c - +0 buckler
rNeg    + . .      Spirit   .    n - +0 chain mail
rPois   inf        Reflect  .    (no helmet)
rElec   +          Harm     .    (no cloak)
rCorr   +          Rampage  .    (no gloves)
Will    +....                    (no boots)
Stlth   ..........               (no amulet)
HPRegen 0.17/turn                j - ring of resist corrosion
MPRegen 0.11/turn                a - ring of willpower

@: no status effects
A: sickness immunity, AC +5, negative energy resistance 1, electricity
resistance, torment resistance 1, petrification resistance
a: no special abilities


You were on level 6 of the Dungeon.
You visited 1 branch of the dungeon, and saw 6 of its levels.

You collected 245 gold pieces.
You spent 114 gold pieces at shops.


Innate Abilities, Weirdness & Mutations

You are immune to sickness and miasma.
Your stone body is resilient. (AC +5)
You are immune to poison.
You resist negative energy. (rN+)
You are resistant to electric shocks. (rElec)
You are resistant to unholy torment.
You are immune to petrification.


   Skills:
 - Level 6.3 Fighting
 + Level 8.1 Axes
 - Level 2.1 Throwing
 - Level 3.2 Armour
 - Level 1.6 Dodging
 - Level 3.2 Shields


You had 7 spell levels left.
You didn't know any spells.
Your spell library was empty.

Inventory:

Hand Weapons
 b - a +0 morningstar
 Y - a +1 war axe (weapon)
Missiles
 g - 7 boomerangs
 l - 3 javelins (quivered)
Armour
 c - a +0 buckler (worn)
 n - a +0 chain mail (worn)
Jewellery
 a - a ring of willpower (right hand)
 j - a ring of resist corrosion (left hand)
Scrolls
 e - 2 scrolls of enchant armour
 i - 7 scrolls of identify
Potions
 d - 3 potions of might
 h - a potion of cancellation
 k - a potion of mutation
 m - a potion of haste
 q - 2 potions of curing

Dungeon Overview and Level Annotations

Branches:
Dungeon (6/15)             Temple (0/1) D:6

Altars:
Fedhas
Yredelemnul

Shops:
D:1 [!?:   D:4 **


Message History

You miss the water moccasin. You closely miss the bullfrog.
The water moccasin bites you but does no damage.
The bullfrog hits you but does no damage.
The water moccasin closely misses you.
The bullfrog hits you but does no damage.
You barely miss the water moccasin.
The water moccasin is almost dead.
You slash the bullfrog! You closely miss the water moccasin.
The water moccasin bites you. The bullfrog closely misses you.
The water moccasin bites you but does no damage.
The water moccasin bites you!
The water moccasin completely misses you.
The bullfrog hits you but does no damage.
You completely miss the bullfrog.
The bullfrog is almost dead.
You miss the water moccasin. x2
The water moccasin closely misses you. The bullfrog barely misses you.
The water moccasin bites you.
The water moccasin bites you but does no damage.
You block the bullfrog's attack.
The water moccasin bites you but does no damage.
You slash the bullfrog!
You kill the bullfrog!
You barely miss the water moccasin. You hit the water moccasin.
You kill the water moccasin!
The water moccasin bites you but does no damage.
Your Fighting skill increases to level 6!
You hit the water moccasin.
The water moccasin is moderately wounded.
The water moccasin bites you but does no damage.
The water moccasin misses you.
You slash the water moccasin!
The water moccasin is almost dead.
You hear the slow rusting of a drain.
The water moccasin bites you.
The water moccasin bites you but does no damage.
You hit the water moccasin.
The water moccasin is almost dead.
The water moccasin bites you.
You die...

.......##
#.##..##
..........
#......#
}...}..##.
#.###?##
.......# #. #.#
..>.).... ####.
##.##
.......#..
....##...#
}...}..#.#
#..#..##
.........
#.....##
.......##
#.#@...# ##
#..S...## #
#..!###(.... .
...#.#[#?#..#.#
.....#.#.....#
.#.........#.#
....##.##.....#
###.#...#.###..


You could see a water moccasin.

Vanquished Creatures
  Edmund (D:4)
  A water moccasin (D:6)
  2 sky beasts
  A black bear (D:6)
  A centaur (D:4)
  A bullfrog (D:6)
  2 scorpions
  A necrophage (D:6)
  3 jellies
  2 orc priests (D:4)
  2 hounds
  A gnoll bouda (D:4)
  6 iguanas
  An orc wizard (D:4)
  Terence (D:2)
  3 gnolls (D:4)
  8 adders
  A shadow imp (D:6)
  A white imp (D:6)
  An ufetubus (D:4)
  A worm (D:4)
  3 dart slugs
  13 orcs
  5 bats
  7 endoplasms
  6 giant cockroaches
  2 goblins
  6 hobgoblins
  8 jackals
  4 quokkas
  7 ball pythons
  5 frilled lizards
  6 kobolds
  8 rats
121 creatures vanquished.

Notes
Turn   | Place    | Note
-------+----------+-------------------------------------------
     0 | D:1      | qw the Gargoyle Fighter began the quest for the Orb.
     0 | D:1      | Reached XP level 1. HP: 14/14 MP: 1/1
     0 | D:1      | 0 ||| qw: Version: 0.2-a-12-gaebbb33
     0 | D:1      | 0 ||| qw: Game counter: 1616
     0 | D:1      | 0 ||| qw: Always use a shield: true
     0 | D:1      | 0 ||| qw: God list: Okawaru
     0 | D:1      | 0 ||| qw: Allow faded altars: false
     0 | D:1      | 0 ||| qw: Do Orc after D:15 true
     0 | D:1      | 0 ||| qw: Do second Lair branch before Depths: true
     0 | D:1      | 0 ||| qw: Lair rune preference: random
     0 | D:1      | 0 ||| qw: Plans: Normal, Zot:1-4, God:TSO, Crypt, Tomb,
                  | Pan, Slime:5, Hells, Abyss, Orb
     0 | D:1      | 0 ||| PLANNING D:1-11
   247 | D:1      | Reached skill level 2 in Axes
   557 | D:1      | Reached XP level 2. HP: 17/19 MP: 2/2
   666 | D:1      | Found Ilutemn's Book Shoppe.
   748 | D:1      | Found Sizaune's Magic Scroll Boutique.
   753 | D:1      | 753 ||| Stepping ~*~*~tactically~*~*~ (stealth).
   765 | D:1      | 765 ||| SHOPLISTING scroll of enchant armour (82 gold, have
                  | 0).
   765 | D:1      | 765 ||| SHOPLISTING scroll of identify (22 gold, have 0).
   765 | D:1      | 765 ||| SHOPLISTING scroll of teleportation (33 gold, have
                  | 0).
   775 | D:1      | Found Jionno's Distillery.
   787 | D:1      | 787 ||| SHOPLISTING potion of curing (42 gold, have 0).
   787 | D:1      | 787 ||| SHOPLISTING potion of heal wounds (70 gold, have
                  | 0).
   787 | D:1      | 787 ||| SHOPLISTING potion of lignification (42 gold, have
                  | 0).
   787 | D:1      | 787 ||| SHOPLISTING potion of might (56 gold, have 0).
   794 | D:1      | Found Toifoshre's Antique Armour Shoppe.
   804 | D:1      | 804 ||| SHOPLISTING chain mail (90 gold, have 0).
   804 | D:1      | 804 ||| SHOPLISTING pair of gloves (90 gold, have 0).
   804 | D:1      | 804 ||| SHOPLISTING runed kite shield (150 gold, have 0).
   881 | D:1      | Reached skill level 3 in Axes
   960 | D:1      | Reached XP level 3. HP: 23/23 MP: 3/3
   999 | D:1      | Found Dur Cig's Armour Shoppe.
  1237 | D:1      | 1237 ||| UPGRADING to +0 chain mail.
  1247 | D:1      | 1247 ||| DROPPING +0 scale mail.
  1248 | D:1      | 1248 ||| READING scroll labelled IFRIUF OSTRUEWE.
  1249 | D:1      | 1249 ||| READING scroll labelled GEODEU ORIXKU.
  1250 | D:1      | 1250 ||| READING scroll labelled XUC ICWACHOPHE.
  1251 | D:1      | 1251 ||| READING 4 scrolls labelled XORIASYEME.
  1252 | D:1      | 1252 ||| READING scroll labelled TIKAEV VEDIEC.
  1257 | D:1      | 1257 ||| READING scroll labelled HENLOBB SYUSM.
  1258 | D:1      | 1258 ||| READING 3 scrolls of identify.
  1258 | D:1      | 1258 ||| IDENTIFYING lumpy amethyst potion
  1259 | D:1      | 1259 ||| READING 2 scrolls of identify.
  1259 | D:1      | 1259 ||| IDENTIFYING bubbling red potion
  1301 | D:2      | 1301 ||| STAIRDANCE
  1350 | D:2      | 1350 ||| STAIRDANCE
  1410 | D:2      | 1410 ||| Stepping ~*~*~tactically~*~*~ (stealth).
  1461 | D:2      | 1461 ||| Stepping ~*~*~tactically~*~*~ (stealth).
  1462 | D:2      | 1462 ||| Stepping ~*~*~tactically~*~*~ (stealth).
  1861 | D:2      | Reached XP level 4. HP: 22/28 MP: 4/4
  1939 | D:2      | Reached skill level 1 in Throwing
  2192 | D:2      | Noticed Terence
  2201 | D:2      | Killed Terence
  2202 | D:2      | Reached skill level 4 in Axes
  2204 | D:2      | 2204 ||| DROPPING +0 whip.
  2263 | D:2      | 2263 ||| UPGRADING to ring of resist corrosion.
  2264 | D:2      | 2264 ||| READING scroll labelled CAZAUCZOLAL.
  2265 | D:2      | 2265 ||| READING scroll labelled PIB POT QOBO.
  2313 | D:2      | 2313 ||| STAIRDANCE
  2401 | D:3      | 2401 ||| UPGRADING to ring of willpower.
  2402 | D:3      | 2402 ||| DRINKING 2 viscous coppery potions.
  2403 | D:3      | 2403 ||| READING 3 scrolls of identify.
  2403 | D:3      | 2403 ||| IDENTIFYING sapphire potion
  2415 | D:3      | 2415 ||| DROPPING potion of degeneration.
  2426 | D:3      | 2426 ||| Stepping randomly (stuck).
  2428 | D:3      | 2428 ||| Stepping ~*~*~tactically~*~*~ (stealth).
  2442 | D:3      | 2442 ||| DROPPING +6 flail of protection.
  2611 | D:3      | Reached XP level 5. HP: 23/32 MP: 5/5
  2800 | D:3      | 2800 ||| Stepping ~*~*~tactically~*~*~ (stealth).
  3077 | D:3      | 3077 ||| READING scroll labelled YRERCH JUWKANE.
  3078 | D:3      | 3078 ||| READING 9 scrolls of identify.
  3078 | D:3      | 3078 ||| IDENTIFYING glowing puce potion
  3079 | D:3      | 3079 ||| READING 8 scrolls of identify.
  3079 | D:3      | 3079 ||| IDENTIFYING glowing golden potion
  3080 | D:3      | 3080 ||| READING 7 scrolls of identify.
  3080 | D:3      | 3080 ||| IDENTIFYING silvery potion
  3081 | D:3      | 3081 ||| DROPPING potion of invisibility.
  3165 | D:4      | Noticed a sky beast
  3166 | D:4      | 3166 ||| Stepping ~*~*~tactically~*~*~ (hiding).
  3167 | D:4      | 3167 ||| Stepping ~*~*~tactically~*~*~ (hiding).
  3168 | D:4      | 3168 ||| Stepping ~*~*~tactically~*~*~ (hiding).
  3178 | D:4      | Killed a sky beast
  3179 | D:4      | Reached skill level 5 in Axes
  3179 | D:4      | Reached XP level 6. HP: 37/37 MP: 6/6
  3526 | D:4      | Reached skill level 6 in Axes
  3630 | D:4      | 3630 ||| Stepping ~*~*~tactically~*~*~ (stealth).
  3641 | D:4      | Reached XP level 7. HP: 43/43 MP: 7/7
  3926 | D:4      | Noticed Edmund
  3941 | D:4      | HP: 3/43 [Edmund/+4 dire flail of protection (9)]
  3942 | D:4      | 3942 ||| READING scroll of teleportation.
  3943 | D:4      | 3943 ||| DRINKING 2 potions of heal wounds.
  4195 | D:4      | Found Xyrusk's Specific Store.
  4203 | D:4      | Found Qappi's General Store.
  4211 | D:4      | 4211 ||| BUYING scroll of enchant armour (90 gold).
  4211 | D:4      | Bought a scroll of enchant armour for 90 gold pieces
  4211 | D:4      | 4211 ||| BUYING scroll of identify (24 gold).
  4211 | D:4      | Bought a scroll of identify for 24 gold pieces
  4327 | D:4      | 4327 ||| Stepping ~*~*~tactically~*~*~ (stealth).
  4329 | D:4      | 4329 ||| Stepping ~*~*~tactically~*~*~ (hiding).
  4339 | D:4      | Reached skill level 7 in Axes
  4410 | D:4      | HP: 9/43 [Edmund/+4 dire flail of protection (6)]
  4411 | D:4      | 4411 ||| DRINKING potion of heal wounds.
  4417 | D:4      | Killed Edmund
  4653 | D:4      | 4653 ||| READING 7 scrolls of identify.
  4653 | D:4      | 4653 ||| IDENTIFYING purple potion
  4654 | D:4      | 4654 ||| DROPPING potion of brilliance.
  4671 | D:5      | Entered Level 5 of the Dungeon
  4877 | D:5      | 4877 ||| Stepping ~*~*~tactically~*~*~ (stealth).
  4886 | D:5      | Reached skill level 1 in Dodging
  4887 | D:5      | Reached XP level 8. HP: 49/49 MP: 8/8
  4947 | D:5      | Found a basalt altar of Yredelemnul.
  4947 | D:5      | Found a blossoming altar of Fedhas.
  5064 | D:5      | 5064 ||| Stepping ~*~*~tactically~*~*~ (stealth).
  5066 | D:5      | 5066 ||| Stepping ~*~*~tactically~*~*~ (stealth).
  5068 | D:5      | 5068 ||| Stepping ~*~*~tactically~*~*~ (stealth).
  5071 | D:5      | 5071 ||| Stepping ~*~*~tactically~*~*~ (stealth).
  5291 | D:5      | 5291 ||| READING scroll labelled NIFRAKUICA.
  5311 | D:6      | 5311 ||| PLANNING SEWER
  5336 | D:6      | 5336 ||| Stepping ~*~*~tactically~*~*~ (stealth).
  5364 | D:6      | Found a staircase to the Ecumenical Temple.
  5470 | D:6      | 5470 ||| Stepping randomly (stuck).
  5471 | D:6      | 5471 ||| Stepping randomly (stuck).
  5472 | D:6      | 5472 ||| Stepping randomly (stuck).
  5473 | D:6      | 5473 ||| Stepping randomly (stuck).
  5474 | D:6      | 5474 ||| Stepping randomly (stuck).
  5475 | D:6      | 5475 ||| Stepping randomly (stuck).
  5476 | D:6      | 5476 ||| Stepping randomly (stuck).
  5477 | D:6      | 5477 ||| Stepping randomly (stuck).
  5478 | D:6      | 5478 ||| Stepping randomly (stuck).
  5479 | D:6      | 5479 ||| Stepping randomly (stuck).
  5497 | D:6      | Reached skill level 8 in Axes
  5498 | D:6      | HP: 9/49 [water moccasin (7)]
  5499 | D:6      | HP: 3/49 [water moccasin (6)]
  5501 | D:6      | Reached skill level 6 in Fighting
  5503 | D:6      | Slain by a water moccasin

Levels and vault maps discovered:
D:1:      spicycebolla_arrival_ecumenical, layout_basic, serial_shops, shop,
          nicolae_shop_waterfront, shop,
          nicolae_shop_competitors_out_of_business, shop
D:2:      layout_loops_ring, uniq_terence
D:3:      layout_loops_ring, nicolae_kite_square_tiling_tiny
D:4:      layout_basic, nicolae_specific_store, uniq_edmund
D:5:      layout_cave_pools, mainiacjoe_overflow_divided_tiny,
          chequers_serial_rivers_small_3, minivault_11
D:6:      layout_loops_ring, minmay_temple_entry_large_hall,
          lightli_sewer_entry_pipes, minmay_fractal_squares_5

Skill      XL: |  1  2  3  4  5  6  7  8 |
---------------+-------------------------+-----
Axes           | 2 3 4 5 6 7 8 |  8.1
Throwing       | 1 2 |  2.1
Fighting       | 4 5 6 |  6.3
Dodging        | 1 |  1.6
Armour         | |  3.2
Shields        | |  3.2

Action                   |  1- 3 |  4- 6 |  7- 9 || total
-------------------------+-------+-------+-------++-------
Melee: War axe           |   124 |    87 |   151 ||   362
Throw: Javelin           |     4 |    34 |    34 ||    72
       Boomerang         |       |     8 |     6 ||    14
  Use: Scroll            |     8 |     7 |     3 ||    18
       Potion            |       |     1 |     2 ||     3
Armor: Scale mail        |    50 |       |       ||    50
       Chain mail        |    36 |    42 |   105 ||   183
Dodge: Dodged            |    57 |    19 |    57 ||   133
Block: Buckler           |    17 |    18 |    35 ||    70

Table legend:
 A = Non-vault XP
 B = Vault XP
 C = Vault XP percentage of total XP
 D = Non-vault monster count
 E = Vault monster count
 F = Vault count percentage of total count
                 A         B        C        D         E       F
            +---------+---------+-------+---------+---------+-------
      Total |    1605 |     501 |  23.8 |     115 |       6 |   5.0
            +---------+---------+-------+---------+---------+-------
        D:1 |      40 |       0 |   0.0 |      23 |       0 |   0.0
        D:2 |      65 |      32 |  33.0 |      22 |       1 |   4.3
        D:3 |      47 |       0 |   0.0 |      24 |       0 |   0.0
        D:4 |     729 |     153 |  17.3 |      26 |       1 |   3.7
        D:5 |     289 |       0 |   0.0 |      13 |       0 |   0.0
        D:6 |     435 |     316 |  42.1 |       7 |       4 |  36.4
            +---------+---------+-------+---------+---------+-------
